[ AOE2 MATCH · #506556108 ]
UnrankedBritons vs Bulgarians
Player's team · LOSS
[ REPLAY ANALYSIS · EXTRACTED FROM THE RECORDED GAME ]
Feudal
8:53
Castle
22:16
Imperial
—
| APM avg | 64.2 |
| APM peak | 95 |
| eAPM avg | 22.1 |
| Villagers / military | 49 / 45 |
Focus
⚔️ 36.3% · 🌾 63.7%
Skirmisher ×31 · Archer ×9 · Knight ×5
Feudal
11:09
Castle
23:22
Imperial
—
| APM avg | 136.8 |
| APM peak | 197 |
| eAPM avg | 71.5 |
| Villagers / military | 81 / 58 |
Focus
⚔️ 75.1% · 🌾 24.9%
Skirmisher ×39 · Militia ×14 · Spearman ×3 · Archer ×2
Match map
Initial resources + every placement click. Lines = walls · curves = elevation contours. ◆ gold · ⬟ stone · ● berries · ✦ relic · ◌ wall gap
Your base· Open — 1t gap
[VL] Lil Franco's base· Open — 6t gap
Smoothed initial terrain · ◌ = detected wall gap · hover for details
Inputs per minute
— JOJO ROAD ROLLER - - [VL] Lil Franco
Build order — JOJO ROAD ROLLER
First 150 of 154 actions detected
| 0:00 | Create | Villager (Male) ×4 |
| 0:01 | Build | House |
| 0:02 | Build | House |
| 1:19 | Create | Villager (Male) |
| 1:19 | Create | Villager (Male) |
| 1:46 | Create | Villager (Male) |
| 1:50 | Create | Villager (Male) |
| 1:59 | Build | Mill |
| 2:36 | Create | Villager (Male) |
| 2:36 | Create | Villager (Male) |
| 2:51 | Create | Villager (Male) |
| 3:31 | Create | Villager (Male) |
| 3:31 | Create | Villager (Male) |
| 3:46 | Create | Villager (Male) |
| 3:50 | Build | House |
| 4:38 | Create | Villager (Male) |
| 4:38 | Create | Villager (Male) |
| 4:38 | Create | Villager (Male) |
| 5:02 | Build | Lumber Camp |
| 5:20 | Create | Villager (Male) |
| 5:20 | Create | Villager (Male) |
| 5:22 | Research | Loom |
| 6:41 | Research | Feudal Age |
| 6:41 | Research | Feudal Age |
| 6:50 | Build | Palisade Wall |
| 6:53 | Build | Palisade Wall |
| 6:58 | Build | Palisade Wall |
| 7:34 | Build | Lumber Camp |
| 7:54 | Build | House |
| 8:08 | Build | Palisade Wall |
| 8:16 | Build | Palisade Wall |
| 8:22 | Build | Palisade Wall |
| 8:25 | Create | Villager (Male) |
| 8:26 | Create | Villager (Male) |
| 8:53 | Age | Feudal Age |
| 8:53 | Build | Barracks |
| 8:57 | Create | Villager (Male) |
| 9:04 | Research | Double-Bit Axe |
| 9:18 | Build | Palisade Wall |
| 9:35 | Build | House |
| 9:37 | Create | Villager (Male) |
| 9:54 | Build | Archery Range |
| 9:57 | Build | Mill |
| 10:09 | Create | Villager (Male) |
| 10:39 | Build | Farm |
| 10:42 | Build | Farm |
| 10:43 | Create | Villager (Male) |
| 10:46 | Create | Archer |
| 10:54 | Create | Villager (Male) |
| 10:55 | Build | Farm |
| 11:00 | Build | Farm |
| 11:11 | Create | Skirmisher |
| 11:31 | Build | House |
| 11:38 | Create | Skirmisher |
| 11:39 | Create | Villager (Male) |
| 11:41 | Build | Farm |
| 11:46 | Create | Villager (Male) |
| 11:57 | Research | Horse Collar |
| 11:58 | Research | Horse Collar |
| 11:59 | Create | Villager (Male) |
| 12:17 | Create | Villager (Male) |
| 12:18 | Create | Skirmisher |
| 12:23 | Build | Farm |
| 12:37 | Create | Skirmisher |
| 12:42 | Build | Farm |
| 12:50 | Build | House |
| 12:56 | Create | Villager (Male) |
| 13:06 | Build | Farm |
| 13:08 | Create | Skirmisher |
| 13:12 | Build | Farm |
| 13:23 | Build | Farm |
| 13:25 | Create | Villager (Male) |
| 13:28 | Create | Skirmisher |
| 13:45 | Build | Mining Camp |
| 13:50 | Build | House |
| 13:54 | Create | Villager (Male) |
| 13:56 | Create | Villager (Male) |
| 13:56 | Create | Villager (Male) |
| 14:13 | Create | Skirmisher |
| 14:24 | Research | Wheelbarrow |
| 14:30 | Build | Farm |
| 14:33 | Create | Skirmisher |
| 14:44 | Create | Villager (Male) |
| 14:46 | Create | Skirmisher |
| 14:51 | Build | Farm |
| 14:54 | Create | Villager (Male) |
| 14:56 | Build | House |
| 15:08 | Create | Skirmisher |
| 15:25 | Build | House |
| 15:39 | Create | Skirmisher |
| 16:03 | Build | Blacksmith |
| 16:08 | Create | Skirmisher |
| 16:24 | Create | Villager (Male) |
| 16:29 | Create | Skirmisher |
| 16:57 | Create | Villager (Male) |
| 17:01 | Research | Fletching |
| 17:03 | Create | Skirmisher |
| 17:27 | Create | Villager (Male) |
| 17:34 | Build | House |
| 17:53 | Create | Villager (Male) |
| 18:07 | Create | Skirmisher |
| 18:16 | Create | Villager (Male) |
| 18:29 | Build | Archery Range |
| 18:35 | Create | Archer |
| 18:36 | Create | Archer |
| 18:40 | Create | Skirmisher |
| 18:46 | Create | Villager (Male) |
| 19:36 | Research | Castle Age |
| 19:37 | Create | Skirmisher |
| 19:40 | Create | Archer |
| 19:48 | Build | Archery Range |
| 19:49 | Create | Skirmisher |
| 19:50 | Create | Skirmisher |
| 19:51 | Create | Archer |
| 20:09 | Create | Skirmisher |
| 20:24 | Create | Skirmisher |
| 20:34 | Create | Archer |
| 20:40 | Build | Stable |
| 20:44 | Build | Stable |
| 20:57 | Build | House |
| 21:04 | Create | Skirmisher |
| 21:04 | Create | Skirmisher |
| 21:04 | Create | Skirmisher |
| 21:13 | Create | Skirmisher |
| 21:14 | Create | Skirmisher |
| 21:18 | Build | Farm |
| 21:20 | Build | House |
| 21:30 | Create | Skirmisher |
| 21:31 | Create | Skirmisher |
| 21:34 | Create | Villager (Male) |
| 21:46 | Research | Scale Barding Armor |
| 21:48 | Create | Villager (Male) |
| 21:54 | Create | Skirmisher |
| 22:00 | Create | Archer |
| 22:01 | Create | Archer |
| 22:01 | Create | Archer |
| 22:06 | Create | Skirmisher |
| 22:06 | Create | Skirmisher |
| 22:12 | Build | Farm |
| 22:12 | Build | Farm |
| 22:16 | Age | Castle Age |
| 22:18 | Create | Knight |
| 22:34 | Create | Villager (Male) |
| 22:42 | Create | Villager (Male) |
| 22:47 | Create | Knight |
| 22:53 | Build | Town Center |
| 22:54 | Create | Villager (Male) |
| 22:57 | Build | Town Center |
| 23:15 | Create | Knight |
| 23:29 | Create | Villager (Male) |
Build order — [VL] Lil Franco
First 150 of 225 actions detected
| 0:03 | Create | Villager (Male) |
| 0:03 | Create | Villager (Male) |
| 0:03 | Create | Villager (Male) |
| 0:03 | Create | Villager (Male) |
| 0:03 | Create | Villager (Male) |
| 0:03 | Create | Villager (Male) |
| 0:05 | Build | House |
| 0:06 | Build | House |
| 1:25 | Create | Villager (Male) |
| 1:26 | Create | Villager (Male) |
| 1:46 | Build | Lumber Camp |
| 2:03 | Create | Villager (Male) |
| 2:03 | Create | Villager (Male) |
| 2:16 | Create | Villager (Male) |
| 2:51 | Create | Villager (Male) |
| 3:08 | Create | Villager (Male) |
| 3:08 | Create | Villager (Male) |
| 3:33 | Create | Villager (Male) |
| 3:34 | Create | Villager (Male) |
| 3:54 | Build | House |
| 3:57 | Create | Villager (Male) |
| 3:57 | Create | Villager (Male) |
| 4:20 | Create | Villager (Male) |
| 4:39 | Create | Villager (Male) |
| 4:46 | Build | Barracks |
| 5:26 | Create | Villager (Male) |
| 5:26 | Create | Villager (Male) |
| 5:26 | Create | Villager (Male) |
| 5:26 | Create | Villager (Male) |
| 5:41 | Build | House |
| 5:46 | Create | Militia |
| 5:46 | Create | Militia |
| 6:00 | Build | Mill |
| 6:07 | Create | Militia |
| 6:08 | Create | Militia |
| 6:15 | Build | Palisade Wall |
| 6:20 | Create | Villager (Male) |
| 6:36 | Create | Villager (Male) |
| 6:55 | Build | Mill |
| 7:09 | Create | Villager (Male) |
| 7:28 | Create | Villager (Male) |
| 7:35 | Build | House |
| 7:51 | Create | Villager (Male) |
| 7:54 | Research | Loom |
| 8:04 | Build | House |
| 8:48 | Build | House |
| 8:50 | Build | Palisade Wall |
| 8:59 | Research | Feudal Age |
| 8:59 | Research | Feudal Age |
| 8:59 | Research | Feudal Age |
| 9:13 | Create | Militia |
| 9:41 | Create | Villager (Male) |
| 10:07 | Build | Palisade Wall |
| 10:43 | Create | Villager (Male) |
| 10:47 | Build | House |
| 10:52 | Build | House |
| 11:09 | Age | Feudal Age |
| 11:13 | Build | Archery Range |
| 11:20 | Research | Double-Bit Axe |
| 11:21 | Research | Double-Bit Axe |
| 11:22 | Research | Horse Collar |
| 11:22 | Research | Horse Collar |
| 11:26 | Build | House |
| 11:28 | Build | Palisade Wall |
| 11:34 | Create | Villager (Male) |
| 11:39 | Build | Palisade Wall |
| 11:40 | Build | Palisade Wall |
| 11:48 | Create | Villager (Male) |
| 11:49 | Build | Farm |
| 11:49 | Build | Farm |
| 11:50 | Build | Farm |
| 11:51 | Build | Farm |
| 11:52 | Build | Farm |
| 12:01 | Create | Skirmisher |
| 12:01 | Create | Skirmisher |
| 12:02 | Create | Villager (Male) |
| 12:07 | Create | Skirmisher |
| 12:26 | Build | Farm |
| 12:30 | Create | Skirmisher |
| 12:42 | Build | Farm |
| 12:45 | Create | Skirmisher |
| 12:49 | Create | Villager (Male) |
| 13:10 | Build | Farm |
| 13:11 | Build | Farm |
| 13:25 | Create | Skirmisher |
| 13:27 | Build | Palisade Wall |
| 13:30 | Create | Skirmisher |
| 13:37 | Create | Skirmisher |
| 13:40 | Create | Skirmisher |
| 13:41 | Create | Villager (Male) |
| 13:45 | Build | House |
| 13:46 | Build | Palisade Wall |
| 13:47 | Create | Villager (Male) |
| 13:52 | Build | Mining Camp |
| 13:54 | Create | Villager (Male) |
| 14:04 | Create | Villager (Male) |
| 14:05 | Create | Skirmisher |
| 14:12 | Create | Skirmisher |
| 14:21 | Build | Blacksmith |
| 14:25 | Create | Skirmisher |
| 14:32 | Create | Villager (Male) |
| 14:37 | Create | Villager (Male) |
| 14:45 | Create | Skirmisher |
| 14:53 | Create | Villager (Male) |
| 14:55 | Create | Skirmisher |
| 15:00 | Build | Farm |
| 15:00 | Build | Farm |
| 15:15 | Research | Padded Archer Armor |
| 15:15 | Research | Padded Archer Armor |
| 15:15 | Research | Padded Archer Armor |
| 15:16 | Create | Skirmisher |
| 15:22 | Create | Villager (Male) |
| 15:39 | Create | Skirmisher |
| 15:55 | Research | Fletching |
| 15:55 | Research | Fletching |
| 15:55 | Research | Fletching |
| 15:57 | Build | Farm |
| 15:57 | Create | Villager (Male) |
| 15:59 | Build | Farm |
| 16:02 | Create | Skirmisher |
| 16:05 | Create | Villager (Male) |
| 16:17 | Create | Villager (Male) |
| 16:23 | Create | Skirmisher |
| 16:27 | Research | Scale Mail Armor |
| 16:27 | Research | Scale Mail Armor |
| 16:28 | Research | Scale Mail Armor |
| 16:29 | Build | Farm |
| 16:30 | Create | Villager (Male) |
| 16:31 | Build | Farm |
| 16:32 | Create | Skirmisher |
| 16:34 | Create | Villager (Male) |
| 16:43 | Create | Militia |
| 16:45 | Create | Skirmisher |
| 16:47 | Create | Villager (Male) |
| 17:04 | Build | Farm |
| 17:04 | Build | Farm |
| 17:04 | Build | Farm |
| 17:05 | Build | Farm |
| 17:05 | Build | Farm |
| 17:07 | Create | Villager (Male) |
| 17:13 | Create | Archer |
| 17:17 | Create | Skirmisher |
| 17:19 | Create | Archer |
| 17:22 | Create | Villager (Male) |
| 17:27 | Create | Skirmisher |
| 17:40 | Create | Skirmisher |
| 17:47 | Create | Villager (Male) |
| 17:56 | Create | Skirmisher |
| 18:11 | Create | Villager (Male) |
| 18:14 | Create | Skirmisher |
Match timeline
| 4:46 | [VL] Lil Franco · first_building Barracks |
| 6:15 | [VL] Lil Franco · wall_segment Palisade Wall x1 |
| 6:50 | JOJO ROAD ROLLER · wall_segment Palisade Wall x4 |
| 6:53 | JOJO ROAD ROLLER · wall_segment Palisade Wall x4 |
| 6:58 | JOJO ROAD ROLLER · wall_segment Palisade Wall x1 |
| 8:08 | JOJO ROAD ROLLER · wall_segment Palisade Wall x1 |
| 8:16 | JOJO ROAD ROLLER · wall_segment Palisade Wall x6 |
| 8:22 | JOJO ROAD ROLLER · wall_segment Palisade Wall x1 |
| 8:50 | [VL] Lil Franco · wall_segment Palisade Wall x6 |
| 8:53 | JOJO ROAD ROLLER · age_up feudal |
| 8:53 | JOJO ROAD ROLLER · first_building Barracks |
| 9:18 | JOJO ROAD ROLLER · wall_segment Palisade Wall x4 |
| 9:54 | JOJO ROAD ROLLER · first_building Archery Range |
| 10:07 | [VL] Lil Franco · wall_segment Palisade Wall x9 |
| 11:09 | [VL] Lil Franco · age_up feudal |
| 11:13 | [VL] Lil Franco · first_building Archery Range |
| 11:28 | [VL] Lil Franco · wall_segment Palisade Wall x11 |
| 11:39 | [VL] Lil Franco · wall_segment Palisade Wall x1 |
| 11:40 | [VL] Lil Franco · wall_segment Palisade Wall x8 |
| 13:27 | [VL] Lil Franco · wall_segment Palisade Wall x1 |
| 13:46 | [VL] Lil Franco · wall_segment Palisade Wall x5 |
| 20:34 | [VL] Lil Franco · first_market_buy 100 food |
| 20:35 | [VL] Lil Franco · first_market_sell 100 wood |
| 20:40 | JOJO ROAD ROLLER · first_building Stable |
| 22:16 | JOJO ROAD ROLLER · age_up castle |
| 23:22 | [VL] Lil Franco · age_up castle |
| 23:42 | JOJO ROAD ROLLER · first_building Monastery |
| 23:55 | JOJO ROAD ROLLER · wall_segment Palisade Wall x1 |
| 24:19 | JOJO ROAD ROLLER · resign |
[ AI ANALYSIS · 1 CREDIT ]
What really happened in this match?
Wolo.gg analyzes every decision: build order, eco, micro, common mistakes by bracket. Personalized analysis on WhatsApp or Discord in 30 seconds.
Civ guide
Britons
Perfil
Jugador #12249685